 Dungeon Crawl Stone Soup version 0.29.1-15-g9cfb28693d (webtiles) character file.

Game seed: 321189457483379480

811 Arctor the Chiller (level 7, -1/41 HPs)
             Began as a Gargoyle Ice Elementalist on Feb 24, 2023.
             Slain by a dread lich (12 damage)
             ... on level 2 of the Abyss.
             The game lasted 00:17:27 (4868 turns).

Arctor the Chiller (Gargoyle Ice Elementalist)      Turns: 4868, Time: 00:17:28

Health: -1/41      AC:  6    Str: 12    XL:     7   Next: 93%
Magic:  12/12      EV: 12    Int: 17    God:
Gold:   266        SH:  0    Dex: 10    Spells: 2/13 levels left

rFire   . . .      SeeInvis .   h - +2 short sword (spect)
rCold   . . .      Faith    .   (no shield)
rNeg    + . .      Spirit   .   a - +0 robe
rPois   ∞          Reflect  .   (no helmet)
rElec   +          Harm     .   (no cloak)
rCorr   .          Rampage  .   (no gloves)
Will    .....                   (no boots)
Stlth   +++.......              c - amulet of regeneration
HPRegen 0.93/turn               (no ring)
MPRegen 0.13/turn               (no ring)

@: no status effects
A: sickness immunity, AC +4, negative energy resistance 1, electricity
resistance, torment resistance 1, petrification resistance
a: no special abilities


You were on level 2 of the Abyss.
You visited 1 branch of the dungeon, and saw 5 of its levels.
You visited the Abyss 1 time.

You collected 266 gold pieces.

Inventory:

Hand Weapons
 h - a +2 spectral short sword (weapon)
Armour
 a - a +0 robe (worn)
Jewellery
 c - an amulet of regeneration (around neck)
Wands
 k - a wand of paralysis (4)
Scrolls
 g - a scroll of noise
Potions
 b - 3 potions of magic
 d - a potion of mutation {unknown}
 e - a potion of attraction {unknown}
 f - 2 potions of brilliance {unknown}
 i - a potion of might {unknown}
 j - a potion of heal wounds {unknown}
 m - a potion of degeneration {unknown}
 o - a potion of flight {unknown}


   Skills:
 + Level 3.3 Fighting
 + Level 2.4 Short Blades
 + Level 3.4 Dodging
 + Level 4.7 Stealth
 + Level 3.7 Spellcasting
 + Level 0.7 Conjurations
 + Level 5.2 Ice Magic


You had 2 spell levels left.
You knew the following spells:

 Your Spells              Type           Power      Damage    Failure   Level
a - Freeze                Ice            84%        1d10      1%          1
b - Hailstorm             Conj/Ice       13%        3d5       43%         4
c - Ozocubu's Armour      Ice            21%        N/A       5%          3
d - Frozen Ramparts       Ice            42%        1d7       5%          3

Your spell library contained the following spells:

 Spells                   Type           Power      Damage    Failure   Level
 Magic Dart               Conj           20%        1d4       12%         1
 Beastly Appendage        Tmut           6%         N/A       16%         1
 Call Imp                 Summ           3%         N/A       24%         2
 Wereblood                Tmut           3%         N/A       24%         2
 Mephitic Cloud           Conj/Pois/Air  3%         N/A       41%         3
 Call Canine Familiar     Summ           3%         N/A       43%         3
 Ignite Poison            Fire/Tmut/Pois 3%         N/A       43%         3
 Portal Projectile        Hex/Tloc       6%         N/A       43%         3
 Spider Form              Tmut/Pois      3%         N/A       43%         3
 Leda's Liquefaction      Hex/Erth       1%         N/A       85%         4
 Freezing Cloud           Conj/Ice/Air   4%         6-21      89%         5


Dungeon Overview and Level Annotations

Branches:
Dungeon (5/15)             Temple (0/1) D:4

Altars:
Ashenzari
Fedhas
Uskayaw
Yredelemnul


Innate Abilities, Weirdness & Mutations

You are immune to sickness and miasma.
Your stone body is resilient. (AC +4)
You are immune to poison.
You resist negative energy. (rN+)
You are resistant to electric shocks. (rElec)
You are resistant to unholy torment.
You are immune to petrification.


Message History

The dread lich shouts!
The dread lich mumbles some strange words.
The dread lich flickers and vanishes!
Deactivating autopickup; reactivate with Ctrl-A.
You hear some strange, mumbled words.
You suddenly lose the ability to move!
You can move again.
Unknown command.
Unknown command.
Unknown command.
Unknown command.
Unknown command.
Unknown command.
You hear some strange, mumbled words.
Unknown command.
You hear some strange, mumbled words.
You suddenly lose the ability to move!
You hear some strange, mumbled words.
Something touches you. Something touches you! Something touches you!
You can move again.
As you read the scroll labelled CEUV XES GUQ, it crumbles to dust.
It is a scroll of brand weapon.
Your +2 short sword of protection acquires a faint afterimage.
h - a +2 spectral short sword (weapon)
Something barely misses you.
The tormentor calls on the powers of darkness!
Your body is wracked with pain!
Something touches you.
As you read the scroll labelled ENURICR MULEVY, it crumbles to dust.
You feel momentarily disoriented.
It was a scroll of magic mapping.
Something touches you!
* * * LOW HITPOINT WARNING * * *
You hear some strange, mumbled words.
Something touches you.
* * * LOW HITPOINT WARNING * * *
The tormentor calls on the powers of darkness!
Your body is wracked with pain!
* * * LOW HITPOINT WARNING * * *
Something touches you!
You die...

## # .##. .#.
..# .. .##
#####.# ##
#.#.#@##..# #
.#.#.{...#
#......##..#
### ###.#2##
..# . # #.# ###
## ###.####.##
. #. . . ..
#......... . .#
.
.#.#....#..#...
# .#.#
.........#


You could see a tormentor (summoned).

Vanquished Creatures
  A water moccasin (D:5)
  A centaur (D:5)
  A phantom (D:5)
  2 necrophages
  A scorpion (D:5)
  3 hounds (D:5)
  Jessica (D:3)
  2 iguanas (D:5)
  5 gnolls
  3 adders
  7 worms (D:5)
  6 dart slugs
  4 orcs
  8 bats
  7 endoplasms
  5 giant cockroaches
  7 hobgoblins
  15 jackals
  13 kobolds
  4 quokkas
  4 ball pythons
  A frilled lizard (D:1)
  6 goblins
  7 rats
114 creatures vanquished.

Notes
Turn   | Place    | Note
-------+----------+-------------------------------------------
     0 | D:1      | Arctor the Gargoyle Ice Elementalist began the quest for
                  | the Orb.
     0 | D:1      | Reached XP level 1. HP: 10/10 MP: 3/3
   322 | D:1      | Reached XP level 2. HP: 15/15 MP: 1/5
   386 | D:1      | Found a faded altar of an unknown god.
   945 | D:1      | Reached XP level 3. HP: 15/19 MP: 1/6
  1590 | D:2      | Noticed a necrophage
  1727 | D:2      | Reached XP level 4. HP: 24/24 MP: 7/7
  2066 | D:2      | Identified the +1 scale mail of Summertime {Int+2}
  2344 | D:3      | Found a blossoming altar of Fedhas.
  2346 | D:3      | Found a basalt altar of Yredelemnul.
  2351 | D:3      | Found a hide-covered altar of Uskayaw.
  2439 | D:3      | Reached skill level 1 in Fighting
  2461 | D:3      | Noticed Jessica
  2471 | D:3      | Killed Jessica
  2477 | D:3      | Learned a level 4 spell: Hailstorm
  2481 | D:3      | Learned a level 3 spell: Ozocubu's Armour
  2609 | D:2      | Reached XP level 5. HP: 12/29 MP: 2/9
  3371 | D:4      | Reached skill level 1 in Short Blades
  3371 | D:4      | Found a broken altar of Ashenzari.
  3374 | D:4      | Noticed a centaur
  3387 | D:5      | Entered Level 5 of the Dungeon
  3543 | D:5      | Noticed a centaur
  3552 | D:5      | Killed a centaur
  3553 | D:5      | Reached XP level 6. HP: 27/35 MP: 2/10
  3623 | D:5      | Noticed a water moccasin
  3640 | D:5      | Killed a water moccasin
  3816 | D:5      | Reached XP level 7. HP: 34/40 MP: 11/11
  3846 | D:5      | Reached skill level 5 in Ice Magic
  3850 | D:5      | Learned a level 3 spell: Frozen Ramparts
  4415 | D:4      | Found a staircase to the Ecumenical Temple.
  4799 | Abyss:2  | Cast into level 2 of the Abyss (gnoll sergeant)
  4844 | Abyss:2  | Noticed a dread lich
  4853 | Abyss:2  | Paralysed by something for 3 turns
  4860 | Abyss:2  | Paralysed by something for 4 turns
  4862 | Abyss:2  | Noticed a tormentor
  4868 | Abyss:2  | Slain by a dread lich

Illustrated notes

Levels and vault maps discovered:
D:1:      ncdulo_wetmaze, layout_loops_ring,
          shapermc_ecumenical_altar_hornbeckon, minmay_box_of_dots
D:2:      layout_loops_corners, lightli_corner_chamber
D:3:      layout_basic, grunt_temple_overflow_open, kennysheep_potato,
          uniq_jessica
D:4:      layout_cave_pools, mainiacjoe_overflow_boulevard,
          minmay_temple_entry_tees, hex_large
D:5:      layout_loops_ring, st_stairs_7, nicolae_wormholes
Abyss:2:  base: Temple, hangedman_decor_points

Skill      XL: |  1  2  3  4  5  6  7 |
---------------+----------------------+-----
Dodging        | 2 3 |  3.4
Stealth        | 3 4 |  4.7
Fighting       | 1 2 3 |  3.3
Short Blades   | 1 2 |  2.4
Spellcasting   | 3 |  3.7
Ice Magic      | 5 |  5.2
Conjurations   | |  0.7

Action                   |  1- 3 |  4- 6 |  7- 9 || total
-------------------------+-------+-------+-------++-------
Melee: Unarmed           |    35 |       |       ||    35
       Short sword       |    44 |   124 |   210 ||   378
       Punch             |     2 |     1 |     1 ||     4
 Cast: Freeze            |    40 |    40 |    22 ||   102
       Ozocubu's Armour  |       |     2 |       ||     2
       Frozen Ramparts   |       |       |     1 ||     1
  Use: Scroll            |     3 |     5 |     3 ||    11
 Stab: Distracted        |     1 |       |       ||     1
       Sleeping          |       |     5 |     1 ||     6
Armor: Robe              |    63 |    56 |    88 ||   207
Dodge: Dodged            |   108 |    97 |   114 ||   319
